 Dungeon Crawl Stone Soup version 0.18.1-48-g4cf74bf (webtiles) character file.

180 dvd the Charlatan (level 5, -1/25 HPs)
             Began as a Spriggan Artificer on Aug 13, 2016.
             Slain by a centaur zombie (5 damage)
             ... in an ossuary.
             The game lasted 00:11:32 (2706 turns).

dvd the Charlatan (Spriggan Artificer)              Turns: 2706, Time: 00:11:33

Health: -1/25      AC:  3    Str:  8    XL:     5   Next: 33%
Magic:  10/10      EV: 20    Int: 13    God:
Gold:   152        SH:  0    Dex: 17    Spells: 0 memorised, 4 levels left

rFire  . . .     SeeInvis +     a - +0 short sword
rCold  . . .     Gourm    .     b - +0 robe
rNeg   . . .     Faith    .     (shield restricted)
rPois  .         Spirit   .     (helmet restricted)
rElec  .         Dismiss  .     n - +0 cloak
rCorr  .         Reflect  .     (gloves unavailable)
SustAt .         Harm     .     (boots unavailable)
MR     +....                    (no amulet)
Stlth  +++.......               (no ring)
                                v - ring of protection from magic (curse)

@: very quick, somewhat resistant to hostile enchantments, fairly stealthy
A: unfitting armour, see invisible, herbivore 3, speed 3, slow metabolism 2
a: no special abilities


You were in an ossuary.
You were not hungry.

You visited 1 branch of the dungeon, and saw 4 of its levels.
You also visited: Ossuary.

You collected 152 gold pieces.

Inventory:

Hand Weapons
 a - a +0 short sword (weapon)
 t - a +0 whip of venom
Missiles
 g - 17 poisoned needles
Armour
 b - a +0 robe (worn)
 n - a +0 cloak (worn)
 w - a cursed +0 robe
Jewellery
 v - a cursed ring of protection from magic (left hand)
Wands
 c - a wand of flame (9/48)
 d - a wand of enslavement (1/24)
 e - a wand of random effects (3/48)
Scrolls
 h - 2 scrolls of amnesia {unknown}
 i - 2 scrolls of teleportation {unknown}
 j - 3 scrolls of fog {unknown}
 k - 4 scrolls of identify {unknown}
 l - 2 scrolls of remove curse {unknown}
 m - a scroll of enchant armour {unknown}
 o - a scroll of fear {unknown}
 p - a scroll of immolation {unknown}
 u - a scroll of blinking {unknown}
Potions
 r - a potion of berserk rage {unknown}
 s - a potion of lignification {unknown}
 z - 2 potions of degeneration {unknown}
 A - a potion of haste {unknown}
 B - 2 potions of resistance {unknown}
 C - 3 potions of brilliance {unknown}
Books
 x - a book of Beasts

   Spells                             Type                      Level
   a - Summon Butterflies             Summoning                    1
   b - Call Canine Familiar           Summoning                    3
   c - Summon Ice Beast               Ice/Summoning                4
   d - Summon Mana Viper              Hexes/Summoning              5
   e - Summon Hydra                   Summoning                    7
Comestibles
 f - a bread ration
 q - 2 royal jellies


   Skills:
 + Level 1.5 Fighting
 + Level 1.8 Short Blades
 + Level 5.1 Dodging
 + Level 4.1 Stealth
 + Level 5.4 Evocations


You had 4 spell levels left.
You didn't know any spells.

Dungeon Overview and Level Annotations

Branches:
Dungeon (4/15)
 Temple: D:4-7

Altars:
Makhleb
Nemelex Xobeh
Qazlal

Annotations:
D:3 dvd's ghost, amateur SpAr


Innate Abilities, Weirdness & Mutations

You are tiny and cannot use many weapons and most armour.
You have supernaturally acute eyesight.
You are a herbivore.
You cover ground extremely quickly.
You need consume almost no food.


Message History

You destroy the mummy!
This wand has 10 charges left.
Unknown command.
You start resting.
You hit the goblin zombie.
The goblin zombie hits you but does no damage.
You hit the goblin zombie. The goblin zombie misses you.
You closely miss the goblin zombie.
The goblin zombie hits you but does no damage.
You hit the goblin zombie. You hit the goblin zombie.
You destroy the goblin zombie!
The centaur zombie misses you.
Evoke which item? (* to show all) (? for menu, Esc to quit)
Zapping:
c - a wand of flame (10/48)
Press: ? - help, Shift-Dir - straight line, f - centaur zombie
Aim: a centaur zombie The puff of flame hits the centaur zombie.
This wand has 9 charges left.
The centaur zombie hits you.
You die...

#........8..8........#
#....................#
#...######..######...#
#...#Z. #..# #...#
#...#Z# #^.# #...#
#...#Z####..####.#...#
#...#Z.Z.....M...#...#
#...#.####Z......#...#
#...#.#@.#.......#...#
#...#ZZ..#.......#...#
#...######.∩.....#...#
#...# ....+####...#
#...# #...# #...#
#...# ...# #...#
#...##############...#
#....................#
#.........∩∩.........#


You could see an adder zombie and a centaur zombie.

Vanquished Creatures
  A howler monkey (D:4)
  A mummy (Ossuary)
  A gnoll (D:1)
  4 adders
  A worm (D:2)
  2 dart slugs
  2 giant geckos (D:2)
  3 giant cockroaches
  3 goblins
  2 hobgoblins
  3 kobolds
  A quokka (D:4)
  4 bats
  5 giant newts
  A goblin zombie (Ossuary)
  5 hobgoblin zombies (Ossuary)
  7 kobold zombies (Ossuary)
  8 orc zombies (Ossuary)
  5 rats
59 creatures vanquished.

Vanquished Creatures (collateral kills)
  2 gnolls (D:3)
  A bat (D:3)
  3 goblins (D:3)
  A kobold (D:1)
  A ball python (D:1)
  A rat (D:1)
9 creatures vanquished.

Vanquished Creatures (others)
  A human zombie (Ossuary)
  A gnoll (D:3)
  A worm (D:3)
  2 hobgoblins
5 creatures vanquished.

Grand Total: 73 creatures vanquished

Notes
Turn   | Place    | Note
--------------------------------------------------------------
     0 | D:1      | dvd the Spriggan Artificer began the quest for the Orb.
     0 | D:1      | Reached XP level 1. HP: 9/9 MP: 4/4
   144 | D:1      | Reached skill level 1 in Fighting
   391 | D:1      | Reached XP level 2. HP: 9/14 MP: 6/6
  1033 | D:2      | Reached skill level 5 in Evocations
  1091 | D:2      | Reached XP level 3. HP: 14/18 MP: 7/7
  1405 | D:2      | Found a burning altar of Makhleb.
  1792 | D:3      | Reached XP level 4. HP: 22/22 MP: 8/8
  1800 | D:3      | Noticed dvd's ghost (amateur SpAr)
  1829 | D:3      | Found a sparkling altar of Nemelex Xobeh.
  2076 | D:3      | Found a stormy altar of Qazlal.
  2227 | D:4      | Reached XP level 5. HP: 14/25 MP: 10/10
  2402 | D:4      | Found a sand-covered staircase.
  2429 | Ossuary  | Entered an ossuary
  2538 | Ossuary  | Reached skill level 5 in Dodging
  2706 | Ossuary  | Slain by a centaur zombie

Skill      XL: |  1  2  3  4  5 |
---------------+----------------+-----
Fighting       | 1 |  1.5
Stealth        | 2 3 4 |  4.1
Evocations     | 5 |  5.4
Dodging        | 4 5 |  5.1
Short Blades   | |  1.8

Action                   |  1- 3 |  4- 6 || total
-------------------------+-------+-------++-------
Melee: Short sword       |    70 |   126 ||   196
Evoke: Wand              |    20 |    12 ||    32
 Stab: Sleeping          |     7 |     2 ||     9
Armor: Robe              |     8 |    17 ||    25
Dodge: Dodged            |    52 |    95 ||   147
